 Dungeon Crawl Stone Soup version 0.30-a0-381-g6ea064c7b4 (webtiles) character file.

Game seed: 5840188932262593053

15 qeuew the Trooper (level 2, -21/21 (24) HPs)
             Began as a Demonspawn Chaos Knight on Dec 1, 2022.
             Was a Plaything of Xom.
             Demolished by an ogre
             ... wielding a +0 giant club
              (26 damage)
             ... on level 2 of the Dungeon.
             The game lasted 00:01:03 (740 turns).

qeuew the Trooper (Demonspawn Chaos Knight)          Turns: 740, Time: 00:01:04

HP:   -21/21 (24)   AC:  6    Str: 12    XL:     2   Next: 34%
MP:   2/2           EV: 11    Int: 13    God:    Xom [....*.]
Gold: 39            SH:  4    Dex: 12    Spells: 1/1 levels left

rFire   . . .      SeeInvis .    a - +1 mace (drain)
rCold   . . .      Faith    .    (no shield)
rNeg    . . .      Spirit   .    b - +3 leather armour
rPois   .          Reflect  .    (no helmet)
rElec   .          Harm     .    (no cloak)
rCorr   .          Rampage  .    (no gloves)
Will    .....                    (no boots)
Stlth   +.........               (no amulet)
HPRegen 0.23/turn                (no ring)
MPRegen 0.08/turn                (no ring)

@: heavily drained
A: condensation shield
a: Renounce Religion


You were on level 2 of the Dungeon.
You worshipped Xom.
You were a beloved toy of Xom.
You visited 1 branch of the dungeon, and saw 2 of its levels.

You collected 39 gold pieces.

Inventory:

Hand Weapons
 a - a +1 mace of draining (weapon)
Armour
 b - a +3 leather armour (worn)
Miscellaneous
 c - a piece from Xom's chessboard (15/15) (quivered)


   Skills:
 + Level 3.1 Fighting
 + Level 2.8 Maces & Flails
 + Level 2.0 Armour
 + Level 1.2 Dodging
 + Level 0.6 Evocations


You had one spell level left.
You didn't know any spells.
Your spell library was empty.

Dungeon Overview and Level Annotations

Branches:
Dungeon (2/15)

Altars:


Innate Abilities, Weirdness & Mutations

A meltable shield of frost defends you. (SH +4)


Message History

HP restored.
You now have 39 gold pieces (gained 12).
An ogre comes into view. It is wielding a +0 giant club.
The ogre shouts!
An ogre is nearby!
An ogre is nearby!
An ogre is nearby!
You block the ogre's attack.
You sock the ogre! You drain the ogre.
The ogre is heavily wounded.
The ogre hits you with a +0 giant club!
Ouch! That really hurt!
* * * LOW HITPOINT WARNING * * *
Xom is mildly amused.
You are too injured to fight recklessly!
You are too injured to fight recklessly!
You are too injured to fight recklessly!
You are too injured to fight recklessly!
You are too injured to fight recklessly!
You are too injured to fight recklessly!
You are too injured to fight recklessly!
You are too injured to fight recklessly!
You are too injured to fight recklessly!
You are too injured to fight recklessly!
You are too injured to fight recklessly!
You are too injured to fight recklessly!
You are too injured to fight recklessly!
Unknown command.
You hit the ogre. You drain the ogre.
The ogre is severely wounded.
The ogre closely misses you.
You barely miss the ogre.
The ogre is severely wounded.
You block the ogre's attack.
You hit the ogre but do no damage.
The ogre is severely wounded.
The ogre hits you with a +0 giant club!!
Ouch! That really hurt!
You die...
Xom laughs nastily!

...........#........
......††....###.#.#.
............##......
###...##.##.##.##.#.
#...###.#.#..##.#
#...# ##...#.#..
#...# ##.##.#.# #
#...# #.##.#.##..#
...## #.....@....#
##.. ######O#####
#.# ...# #.....
#...### #####


You could see an ogre (very drained).

Vanquished Creatures
  A giant cockroach (D:1)
  2 goblins (D:1)
  A hobgoblin (D:1)
  4 jackals (D:2)
  A ball python (D:1)
  A bat (D:1)
  2 frilled lizards
  A kobold (D:1)
  A rat (D:1)
14 creatures vanquished.

Notes
Turn   | Place    | Note
-------+----------+-------------------------------------------
     0 | D:1      | qeuew the Demonspawn Chaos Knight began the quest for the
                  | Orb.
     0 | D:1      | Reached XP level 1. HP: 18/18 MP: 1/1
   174 | D:1      | Reached skill level 1 in Dodging
   178 | D:1      | XOM: silly message
   239 | D:1      | Gained mutation: A meltable shield of frost defends you.
                  | (SH +4) [demonic ancestry]
   239 | D:1      | Reached XP level 2. HP: 23/24 MP: 2/2
   263 | D:1      | XOM: 1-stop teleportation journey
   518 | D:1      | XOM: draining
   735 | D:2      | Noticed an ogre
   740 | D:2      | Demolished by an ogre

Illustrated notes

Levels and vault maps discovered:
D:1:      dpeg_arrival_oval, layout_basic
D:2:      layout_loops_cross, guppyfry_early_lair_pool

Skill      XL: |  1  2 |
---------------+-------+-----
Dodging        | 1 |  1.2
Armour         | 2 |  2.0
Fighting       | |  3.1
Maces & Flails | |  2.8
Evocations     | |  0.6

Action                   || total
-------------------------++-------
Melee: Mace              ||    37
  Use: Scroll            ||     8
       Potion            ||     1
Armor: Leather armour    ||    15
Dodge: Dodged            ||    30
Block: Other             ||    13

Table legend: (Time is in decaauts)
 A = Elapsed time spent in this place.
 B = Non-inter-level travel time spent in this place.
 C = Inter-level travel time spent in this place.
 D = Time resting spent in this place.
 E = Time spent auto-exploring this place.
 F = Levels seen in this place.
 G = Mean time per level.
                   A        B        C        D        E       F      G
               +--------+--------+--------+--------+--------+-----+--------+
         Total |    749 |    732 |     17 |      0 |    620 |   2 |  374.5 |
       Dungeon |    749 |    732 |     17 |      0 |    620 |   2 |  374.5 |
               +--------+--------+--------+--------+--------+-----+--------+

Top non-repeatable levels by time:
     D:1: 674 daAuts
     D:2: 74 daAuts
